 Dungeon Crawl Stone Soup version 0.32-a0-841-g4648e6c457 (webtiles) character file.

Game seed: 3562407303112999053

56 oldriver the Trooper (level 3, -5/37 HPs)
             Began as an Oni Shapeshifter on Mar 27, 2024.
             Slain by a gnoll
             ... wielding a +0 whip of venom
              (8 damage)
             ... on level 2 of the Dungeon.
             The game lasted 00:01:14 (847 turns).

oldriver the Trooper (Oni Shapeshifter)              Turns: 847, Time: 00:01:14

Health: -5/37      AC:  3    Str: 20    XL:     3   Next: 95%
Magic:  3/3        EV:  8    Int: 17    God:
Gold:   47         SH:  0    Dex:  8    Spells: 2/2 levels left

rFire   . .          .
                       - Unarmed
rCold   . . .        (no shield)
rNeg    . . .        a - +0 animal skin
rPois   .            (helmet currently unavailable)
rElec   .            (cloak currently unavailable)
rCorr   .            (gloves unavailable)
SInv    .            (boots unavailable)
Will    .....        (no amulet)
Stlth   +            e - +6 ring of intelligence
HPRegen 0.26/turn    (no ring)
MPRegen 0.08/turn

%: no passive effects
@: lethally poisoned (-5 -> -11), beast-form
A: beast (slay +1), large, unfitting armour, horns 1, tough skin 1, double
potion healing, drunken brawling
a: Begin Untransformation


You were on level 2 of the Dungeon.
You were a hulking beast.
You visited 1 branch of the dungeon, and saw 2 of its levels.

You collected 47 gold pieces.

Inventory:

Missiles
 l - 4 poisoned darts (quivered)
Armour
 a - a +0 animal skin (worn)
Jewellery
 e - a +6 ring of intelligence (left hand)
Talismans
 c - a beast talisman (active)
 d - a flux talisman
Scrolls
 g - 4 scrolls of amnesia {unknown}
 i - a scroll of enchant armour {unknown}
 k - a scroll of identify {unknown}
Potions
 b - a potion of lignification
 f - a potion of curing {unknown}
 h - a potion of might {unknown}
 j - 2 potions of heal wounds {unknown}


   Skills:
 * Level 3.6 Fighting
 - Level 1.7 Dodging
 + Level 3.1 Unarmed Combat
 + Level 3.3 Shapeshifting


You had 2 spell levels left.
You didn't know any spells.
Your spell library was empty.

Dungeon Overview and Level Annotations

Branches:
Dungeon (2/15)

Altars:

Shops:
D:1 (


Innate Abilities, Weirdness & Mutations

You are a hulking beast.
Your limbs bulge with bestial killing power. (Slay +1)
You are too large for most types of armour.
You have a pair of small horns on your head.
You have tough skin. (AC +1)
You gain doubled healing and magic from potions.
Whenever you drink a healing potion, you attack all around you.


Message History

You are too injured to fight recklessly!
You are too injured to fight recklessly!
You are too injured to fight recklessly!
You are too injured to fight recklessly!
You are too injured to fight recklessly!
You are too injured to fight recklessly!
You are too injured to fight recklessly!
You hit the gnoll.
The gnoll is moderately wounded.
You hit the gnoll.
The gnoll is heavily wounded.
The gnoll barely misses you.
You hit the gnoll.
The gnoll is severely wounded.
The gnoll hits you with a +0 spear.
You hit the gnoll.
You kill the gnoll!
The gnoll hits you with a +0 whip.
Things that are here:
a +0 spear; a gnoll corpse You closely miss the gnoll.
The gnoll hits you with a +0 whip.
* * * LOW HITPOINT WARNING * * *
You punch the gnoll!
The gnoll is severely wounded.
The gnoll hits you with a +0 whip.
* * * LOW HITPOINT WARNING * * *
Unknown command.
You hit the gnoll. You headbutt the gnoll.
You kill the gnoll!
You closely miss the gnoll. You headbutt the gnoll.
The gnoll is lightly wounded.
The gnoll hits you with a +0 whip of venom.
* * * LOW HITPOINT WARNING * * *
You are lethally poisoned!
You closely miss the gnoll.
The gnoll is lightly wounded.
* * * LOW HITPOINT WARNING * * *
You feel sick.
The gnoll hits you with a +0 whip of venom!
You die...

.#).. #. ....g. .
#....### +....g.#
#g# #.# #.#
#.################
#.gh.............##.
################.##.
#.### #.# #.###
#.... #####


You could see a gnoll.

Vanquished Creatures
  2 gnolls (D:2)
  2 dart slugs (D:1)
  4 endoplasms (D:1)
  2 giant cockroaches (D:1)
  4 goblins (D:1)
  4 hobgoblins (D:1)
  2 kobolds (D:1)
  A quokka (D:1)
  2 bats (D:1)
  3 frilled lizards
  4 rats (D:1)
30 creatures vanquished.

Notes
Turn   | Place    | Note
-------+----------+-------------------------------------------
     0 | D:1      | oldriver the Oni Shapeshifter began the quest for the Orb.
     0 | D:1      | Reached XP level 1. HP: 19/19 MP: 1/1
    47 | D:1      | Reached XP level 2. HP: 19/28 MP: 2/2
   145 | D:1      | Found Zusibol's Weapon Shop.
   430 | D:1      | Reached XP level 3. HP: 20/36 MP: 3/3
   847 | D:2      | Slain by a gnoll

Illustrated notes

Levels and vault maps discovered:
D:1:      dpeg_arrival_ternary, layout_basic, serial_shops,
          nicolae_shop_back_alley_shop, minmay_tetromino_t2
D:2:      layout_basic, serial_shops, shop, nicolae_shop_waterfront,
          hangedman_abyss_or_decor_stabs

Skill      XL: |  1  2  3 |
---------------+----------+-----
Fighting       | 2 3 |  3.6
Unarmed Combat | 3 |  3.1
Dodging        | |  1.7
Shapeshifting  | |  3.3

Action                     || total
---------------------------++-------
  Melee: Unarmed           ||    76
         Headbutt          ||    13
         Punch             ||     1
 Armour: Animal skin       ||    52
  Dodge: Dodged            ||    40

Table legend: (Time is in decaauts)
 A = Elapsed time spent in this place.
 B = Non-inter-level travel time spent in this place.
 C = Inter-level travel time spent in this place.
 D = Time resting spent in this place.
 E = Time spent auto-exploring this place.
 F = Levels seen in this place.
 G = Mean time per level.
                   A        B        C        D        E       F      G
               +--------+--------+--------+--------+--------+-----+--------+
         Total |    843 |    810 |     33 |      0 |    623 |   2 |  421.5 |
       Dungeon |    843 |    810 |     33 |      0 |    623 |   2 |  421.5 |
               +--------+--------+--------+--------+--------+-----+--------+

Top non-repeatable levels by time:
     D:1: 731 daAuts
     D:2: 112 daAuts
